 Seeded DCSS version 0.29.1-12-g30fa7ad0bf (webtiles) character file.

Game seed: 3467139861098030199 (custom seed)

765 hikkokomori the Trooper (level 8, -9/64 HPs)
             Began as a Formicid Fighter on Jan 11, 2023.
             Killed from afar by Ijyb (10 damage)
             ... with a bolt of dispelling energy
             ... on level 5 of the Dungeon.
             The game lasted 00:04:18 (4077 turns).

hikkokomori the Trooper (Formicid Fighter)          Turns: 4077, Time: 00:04:19

Health: -9/64      AC: 30    Str: 26    XL:     8   Next: 8%
Magic:  8/8        EV:  4    Int:  9    God:
Gold:   272        SH:  4    Dex:  8    Spells: 7/7 levels left

rFire   . . .      SeeInvis +   a - +0 war axe
rCold   + + .      Faith    .   c - +0 buckler
rNeg    + + +      Spirit   .   y - +13 crystal plate armour of the Devil's Team {rPois rC+ rN+++ Dex-5}
rPois   +          Reflect  .   (helmet unavailable)
rElec   +          Harm     .   (no cloak)
rCorr   .          Rampage  .   (no gloves)
Will    .....                   (no boots)
Stlth   ..........              (no amulet)
HPRegen 0.20/turn               s - ring of protection from fire
MPRegen 0.11/turn               u - ring of Plog {Ice rElec Str+4}

@: no status effects
A: permanent stasis, dig shafts and tunnels, antennae 3, four strong arms
a: Dig, Shaft Self


You were on level 5 of the Dungeon.
You visited 1 branch of the dungeon, and saw 5 of its levels.

You collected 272 gold pieces.

Inventory:

Hand Weapons
 a - a +0 war axe (weapon)
 w - a +0 hand crossbow
Armour
 b - a +0 scale mail
 c - a +0 buckler (worn)
 y - the +13 crystal plate armour of the Devil's Team (worn) {rPois rC+ rN+++ Dex-5}
   (You found it on level 4 of the Dungeon)

   Dex:       It affects your dexterity (-5).
   rC:        It protects you from cold.
   rPois:     It protects you from poison.
   rN:        It renders you almost immune to negative energy.
Jewellery
 s - a ring of protection from fire (left hand)
 u - the ring of Plog (right hand) {Ice rElec Str+4}
   (You found it on level 3 of the Dungeon)

   [ring of ice]

   It enhances your ice magic.
   Str:       It affects your strength (+4).
   rF:        It makes you vulnerable to fire.
   rC:        It protects you from cold.
   rElec:     It insulates you from electricity.
 x - a ring of magical power
 B - a ring of fire
 C - a +6 ring of intelligence
Scrolls
 k - 2 scrolls of poison {unknown}
 l - 2 scrolls of fear
 n - 2 scrolls of vulnerability {unknown}
 o - 2 scrolls of identify
 p - a scroll of silence {unknown}
 r - 2 scrolls of teleportation {unknown}
 t - 2 scrolls of brand weapon {unknown}
 v - a scroll of blinking {unknown}
Potions
 d - 2 potions of might
 e - 3 potions of heal wounds {unknown}
 f - a potion of haste {unknown}
 g - 2 potions of attraction
 h - 3 potions of curing
 i - a potion of brilliance {unknown}
 j - a potion of berserk rage {unknown}
 m - 2 potions of invisibility {unknown}
 q - a potion of lignification {unknown}
 z - a potion of cancellation {unknown}
 A - a potion of degeneration {unknown}


   Skills:
 + Level 5.9 Fighting
 + Level 4.9 Axes
 + Level 5.9 Armour
 - Level 5.5 Shields


You had 7 spell levels left.
You didn't know any spells.
Your spell library contained the following spells:

 Spells                   Type           Power      Damage    Failure   Level
 Gell's Gravitas          Tloc           0%         N/A       100%        3
 Ignite Poison            Fire/Tmut/Pois 0%         N/A       100%        3
 Mephitic Cloud           Conj/Pois/Air  0%         N/A       100%        3
 Portal Projectile        Hex/Tloc       0%         N/A       100%        3
 Teleport Other           Tloc           0%         N/A       100%        3
 Tukima's Dance           Hex            0%         N/A       100%        3
 Blade Hands              Tmut           0%         N/A       100%        5
 Freezing Cloud           Conj/Ice/Air   0%         6-21      100%        5
 Manifold Assault         Tloc           0%         N/A       100%        5
 Dispersal                Tloc           0%         N/A       100%        6
 Storm Form               Tmut/Air       0%         N/A       100%        7
 Blink                    Tloc           Unusable   N/A       N/A         2

Dungeon Overview and Level Annotations

Branches:
Dungeon (5/15)
 Temple: D:4-7

Altars:
Ru

Shops:
D:2 [

Annotations:
D:5 Ijyb


Innate Abilities, Weirdness & Mutations

You cannot be hasted, slowed, berserked, paralysed or teleported.
You can dig through walls and to a lower floor.
You have a pair of large antennae on your head. (SInv)
Your four strong arms can wield two-handed weapons with a shield.


Message History

You hit the ogre but do no damage. The ogre hits you with a +0 giant club!
You slash the ogre!
The ogre is moderately wounded.
The ogre hits you but does no damage.
You slash the ogre!
The ogre is severely wounded.
You slash the ogre!
The ogre is almost dead.
The ogre hits you with a +0 giant club!
You slash the ogre!
You kill the ogre!
You barely miss Ijyb. You block Ijyb's attack.
You have reached level 8!
You feel clever.
You hit Ijyb.
Ijyb is moderately wounded.
Ijyb hits you with a +0 dagger.
Ijyb zaps a wand.
The bolt of dispelling energy hits you!
* * * LOW HITPOINT WARNING * * *
You are too injured to fight recklessly!
You are too injured to fight recklessly!
You are too injured to fight recklessly!
You barely miss Ijyb.
Ijyb is moderately wounded.
Ijyb barely misses you.
You hit Ijyb but do no damage.
Ijyb is moderately wounded.
Ijyb zaps a wand.
The bolt of dispelling energy hits you!!
* * * LOW HITPOINT WARNING * * *
Okay, then.
You aren't carrying any items that you can evoke.
Unknown command.
Okay, then.
Okay, then.
You hit Ijyb.
Ijyb is moderately wounded.
Ijyb hits you but does no damage.
Ijyb zaps a wand.
The bolt of dispelling energy hits you!
You die...

...........†.......
#...###.<##........#.....
#.....#..##.......##.....
#...........##.......#...
...........###......#....
#.>............#.........
..........##.............
#.....)...####..#.##..#.
#....)g@..#####.####....
#......##..# .....##..#.#
.....#. ##.###^#...##.###
.... ## #..##.#...#..###
#.. ##.##.........## #.
#.###...###...# #
##.##...##......
#......##...##..
##....####.. #..


You could see Ijyb.

Vanquished Creatures
  A black bear (D:4)
  An ogre (D:5)
  A centaur (D:5)
  A phantom (D:5)
  A bullfrog (D:5)
  2 jellies
  3 hounds
  2 iguanas (D:4)
  3 gnolls (D:3)
  4 adders
  An ufetubus (D:4)
  2 worms
  6 dart slugs
  2 orcs
  8 giant cockroaches
  5 goblins
  8 hobgoblins
  6 quokkas
  3 ball pythons
  7 bats
  6 frilled lizards
  5 kobolds
  8 rats
86 creatures vanquished.

Notes
Turn   | Place    | Note
-------+----------+-------------------------------------------
     0 | D:1      | hikkokomori the Formicid Fighter began the quest for the
                  | Orb.
     0 | D:1      | Reached XP level 1. HP: 18/18 MP: 1/1
    84 | D:1      | Reached XP level 2. HP: 24/24 MP: 2/2
   342 | D:1      | Reached XP level 3. HP: 24/29 MP: 3/3
   957 | D:1      | Found a faded altar of an unknown god.
  1361 | D:2      | Found Kateynok's Antique Armour Boutique.
  1465 | D:2      | Reached XP level 4. HP: 26/37 MP: 4/4
  1969 | D:3      | Found a sacrificial altar of Ru.
  2066 | D:3      | Reached skill level 5 in Shields
  2066 | D:3      | Reached XP level 5. HP: 31/42 MP: 5/5
  2196 | D:3      | Identified the ring of Plog {Ice rElec Str+4}
  2851 | D:4      | Reached XP level 6. HP: 45/49 MP: 6/6
  3313 | D:4      | Identified the +13 crystal plate armour of the Devil's Team
                  | {rPois rC+ rN+++ Dex-5}
  3746 | D:4      | Noticed a black bear
  3751 | D:4      | Killed a black bear
  3752 | D:4      | Reached skill level 5 in Fighting
  3752 | D:4      | Reached skill level 5 in Armour
  3752 | D:4      | Reached XP level 7. HP: 51/56 MP: 7/7
  3920 | D:5      | Entered Level 5 of the Dungeon
  4067 | D:5      | Noticed Ijyb
  4073 | D:5      | Reached XP level 8. HP: 33/64 MP: 8/8
  4075 | D:5      | HP: 1/64 [Ijyb/bolt of dispelling energy (18)]
  4077 | D:5      | Killed from afar by Ijyb

Illustrated notes

Levels and vault maps discovered:
D:1:      dpeg_arrival_signposts, layout_rooms,
          shapermc_ecumenical_altar_mp_highgroup
D:2:      layout_loops_cross, serial_shops, shop
D:3:      layout_rooms, pf_just_have_faith, serial_park_tiny_pond
D:4:      layout_basic, minmay_misc_feat_tower, minmay_checkerbox
D:5:      layout_cave_pools, dk_vineyard_3, uniq_ijyb, uniq_eustachio

Skill      XL: |  1  2  3  4  5  6 |
---------------+-------------------+-----
Armour         | 4 5 |  5.9
Fighting       | 4 5 |  5.9
Axes           | 3 4 |  4.9
Shields        | 5 |  5.5

Action                   |  1- 3 |  4- 6 |  7- 9 || total
-------------------------+-------+-------+-------++-------
Melee: War axe           |   101 |   111 |    46 ||   258
  Use: Scroll            |       |     3 |       ||     3
Armor: Scale mail        |    39 |    45 |       ||    84
       Crystal plate arm |       |    13 |    48 ||    61
Dodge: Dodged            |    62 |    54 |     5 ||   121
Block: Buckler           |    41 |    24 |    10 ||    75
